 Dungeon Crawl Stone Soup version 0.22-a0-109-gbeb7240 (webtiles) character file.

1654 KristoblXynda the Grappler (level 8, -5/80 HPs)
             Began as a Troll Monk on Jan 26, 2018.
             Slain by a gnoll
             ... wielding a +0 spear
              (9 damage)
             ... on level 5 of the Dungeon.
             The game lasted 00:07:04 (3305 turns).

KristoblXynda the Grappler (Troll Monk)             Turns: 3305, Time: 00:07:05

Health: -5/80      AC:  6    Str: 20    XL:     8   Next: 68%
Magic:  7/7        EV: 12    Int:  8    God:
Gold:   215        SH:  0    Dex: 12    Spells: 7/7 levels left

rFire    . . .     SeeInvis .     - Unarmed
rCold    . . .     Gourm    +   (no shield)
rNeg     . . .     Faith    .   a - +0 robe
rPois    .         Spirit   .   (helmet restricted)
rElec    .         Reflect  .   s - +0 cloak
rCorr    .         Harm     .   (gloves unavailable)
MR       .....                  (boots unavailable)
Stlth    ++........             (no amulet)
HPRegen  0.63/turn              (no ring)
MPRegen  0.10/turn              (no ring)

@: lethally poisoned (-5 -> -6)
A: large, unfitting armour, claws 3, fast metabolism 3, gourmand, regeneration
1, shaggy fur 1, tough skin 2
a: no special abilities


You were on level 5 of the Dungeon.
You were very full.

You visited 1 branch of the dungeon, and saw 5 of its levels.

You collected 215 gold pieces.

Inventory:

Hand Weapons
 u - a +1 whip of freezing
Armour
 a - a +0 robe (worn)
 s - a +0 cloak (worn)
Scrolls
 f - 2 scrolls of teleportation {unknown}
 g - a scroll of enchant armour {unknown}
 h - a scroll of remove curse {unknown}
 i - 2 scrolls of enchant weapon {unknown}
 j - 4 scrolls of fear {unknown}
 p - a scroll of immolation {unknown}
 q - a scroll of fog {unknown}
 t - a scroll of identify
 v - a scroll of magic mapping {unknown}
 x - a scroll of amnesia {unknown}
Potions
 c - 3 potions of berserk rage
 d - 3 potions of flight
 e - a potion of might
 k - 2 potions of agility
 l - a potion of heal wounds {unknown}
 m - a potion of curing
 n - a potion of degeneration {unknown}
 o - 2 potions of brilliance
 r - a potion of cancellation {unknown}
 w - a potion of lignification {unknown}
Comestibles
 b - 11 rations


   Skills:
 + Level 5.2 Fighting
 + Level 5.2 Dodging
 - Level 1.0 Stealth
 * Level 8.4 Unarmed Combat


You had 7 spell levels left.
You didn't know any spells.

Dungeon Overview and Level Annotations

Branches:
Dungeon (5/15)
 Temple: D:4-7

Altars:
Dithmenos
Makhleb
Okawaru
Vehumet


Innate Abilities, Weirdness & Mutations

You are too large for most types of armour.
You have claws for hands.
Your metabolism is lightning-fast.
You like to eat raw meat.
Your natural rate of healing is unusually fast.
You are covered in fur. (AC +1)
You have very tough skin. (AC +2)


Message History

The gnoll shaman is heavily wounded.
You feel sick. The gnoll closely misses you.
The gnoll shaman barely misses you.
You claw the gnoll shaman!
The gnoll shaman is severely wounded.
The gnoll barely misses you. The gnoll hits you.
* * * LOW HITPOINT WARNING * * *
The gnoll barely misses you.
The gnoll shaman calls upon its god to speed up the gnoll.
The gnoll seems to speed up.
You mangle the gnoll shaman!!
You kill the gnoll shaman!
You feel sick.
The gnoll hits you from afar with a spear!
* * * LOW HITPOINT WARNING * * *
The gnoll hits you but does no damage. The gnoll misses you.
The gnoll hits you but does no damage. The gnoll hits you.
* * * LOW HITPOINT WARNING * * *
The gnoll hits you with a spear!
You die...

..#
#..................
.##
#..................
##
#..................
####...............
####...........
###........#
##...#### #gg.##
##@).# .......g.<.#
............#
............#
.........#....
.........##....
.........# .###
.........# #


You could see 3 gnolls.

Vanquished Creatures
  Pikel (D:4)
  The ghost of tof the Slasher, an amateur MiFi (D:4)
  3 ogres (D:4)
  A scorpion (D:5)
  2 howler monkeys (D:4)
  A crimson imp (D:5)
  A bullfrog skeleton (D:4)
  A gnoll shaman (D:5)
  3 orc priests
  3 orc wizards
  Natasha (thrice) (D:4)
  A statue (D:5)
  Robin (D:4)
  3 gnolls
  8 adders
  An ooze (D:2)
  4 dart slugs
  18 orcs
  13 bats
  8 giant cockroaches
  14 goblins
  9 hobgoblins
  9 jackals
  5 frilled lizards
  8 kobolds
  2 leopard gecko skeletons (D:4)
  6 rats
130 creatures vanquished.

Notes
Turn   | Place    | Note
-------+----------+-------------------------------------------
     0 | D:1      | KristoblXynda the Troll Monk began the quest for the Orb.
     0 | D:1      | Reached XP level 1. HP: 22/22 MP: 0/0
   230 | D:1      | Reached XP level 2. HP: 20/29 MP: 1/1
   445 | D:1      | Reached XP level 3. HP: 36/36 MP: 2/2
  1020 | D:2      | Reached skill level 4 in Unarmed Combat
  1081 | D:2      | Reached XP level 4. HP: 44/44 MP: 3/3
  1471 | D:2      | You fall through a shaft!
  1477 | D:2      | Reached XP level 5. HP: 47/53 MP: 4/4
  1898 | D:3      | Found an iron altar of Okawaru.
  2066 | D:3      | Reached skill level 5 in Unarmed Combat
  2392 | D:4      | Found a shadowy altar of Dithmenos.
  2392 | D:4      | Noticed Natasha
  2392 | D:4      | Noticed an ogre
  2400 | D:4      | Killed an ogre
  2400 | D:4      | Reached XP level 6. HP: 47/61 MP: 5/5
  2415 | D:4      | Killed Natasha
  2532 | D:4      | Noticed Robin
  2544 | D:4      | Killed Robin
  2598 | D:4      | Reached skill level 6 in Unarmed Combat
  2598 | D:4      | Reached XP level 7. HP: 60/68 MP: 6/6
  2606 | D:4      | Noticed tof's ghost (amateur MiFi)
  2623 | D:4      | Killed tof's ghost
  2627 | D:4      | Reached skill level 7 in Unarmed Combat
  2638 | D:4      | Noticed Natasha
  2650 | D:4      | Killed Natasha
  2716 | D:4      | Noticed Pikel
  2733 | D:4      | Killed Pikel
  2733 | D:4      | Reached skill level 8 in Unarmed Combat
  2733 | D:4      | Reached XP level 8. HP: 54/79 MP: 7/7
  2893 | D:4      | Noticed Natasha
  2900 | D:4      | Killed Natasha
  2988 | D:4      | Found a burning altar of Makhleb.
  2995 | D:4      | Reached skill level 5 in Fighting
  2995 | D:4      | Reached skill level 5 in Dodging
  3185 | D:5      | Entered Level 5 of the Dungeon
  3193 | D:5      | Found a radiant altar of Vehumet.
  3305 | D:5      | HP: 4/80 [gnoll (5)]
  3305 | D:5      | Slain by a gnoll

Vault maps used:
D:1:      eino_arrival_cavern_e
D:2:      minmay_pentomino_z4
D:3:      okawaru_ov_weapons_minmay
D:4:      old_standard_altar, grunt_decor_one_mirror, bloody_makhleb,
          uniq_natasha, uniq_pikel, uniq_robin
D:5:      vehumet_statue, first_ration

Skill      XL: |  1  2  3  4  5  6  7  8 |
---------------+-------------------------+-----
Unarmed Combat | 4 5 6 8 |  8.4
Fighting       | 3 4 5 |  5.2
Dodging        | 3 4 5 |  5.2
Stealth        | |  1.0

Action                   |  1- 3 |  4- 6 |  7- 9 || total
-------------------------+-------+-------+-------++-------
Melee: Unarmed           |    82 |   168 |    81 ||   331
       Punch             |     2 |     3 |     2 ||     7
  Use: Scroll            |     3 |       |     4 ||     7
       Potion            |       |       |     2 ||     2
 Stab: Sleeping          |     1 |     4 |       ||     5
  Eat: Chunk             |    15 |    14 |     5 ||    34
Armor: Robe              |    42 |    53 |    19 ||   114
Dodge: Dodged            |    44 |   106 |    48 ||   198

Table legend:
 A = Spawn XP
 B = Non-spawn XP
 C = Spawn XP percentage of total XP
 D = Spawn monster count
 E = Non-spawn monster count
 F = Spawn count percentage of total count
 G = Total turns spent on level
                    A         B        C        D         E        F      G
               +---------+---------+-------+---------+---------+-------+---------
         Total |       0 |    2363 |   0.0 |       0 |     130 |   0.0 |  3305
               +---------+---------+-------+---------+---------+-------+---------
           D:1 |       0 |      69 |   0.0 |       0 |      28 |   0.0 |   934
           D:2 |       0 |     177 |   0.0 |       0 |      28 |   0.0 |   957
           D:3 |       0 |     106 |   0.0 |       0 |      24 |   0.0 |   501
           D:4 |       0 |    1794 |   0.0 |       0 |      40 |   0.0 |   793
           D:5 |       0 |     217 |   0.0 |       0 |      10 |   0.0 |   120
               +---------+---------+-------+---------+---------+-------+---------
